[Event "Mercoledì sera Rapid"]
[Site "Chess.com"]
[Date "2020.04.22"]
[Round "1"]
[White "pedrak"]
[Black "sirmale49"]
[Result "1-0"]
[WhiteElo "1748"]
[BlackElo "1410"]
[TimeControl "720+3"]
[EndTime "11:45:24 PDT"]
[Termination "pedrak ha vinto per abbandono"]

1. d4 d5 2. Nf3 Nc6 3. Bf4 Nf6 4.
Nbd2 e6 5. e3 Bd6 6. Bg3 Qe7 7.
Ne5 O-O 8. c3 Nd7 9. Nxd7 Bxd7 10. Bd3 f5 11. f4 Rf7 12. O-O g6 13. Nf3 h6 14. Bh4 Qf8 15. Qe1 Be7 16. Bxe7 Qxe7 17. Kh1 Rg7 18. Rg1 Rf8 19. b4 g5 20. b5 g4 21.
bxc6 gxf3 22. cxd7 Rxg2 23. Rxg2+ fxg2+ 24. Kxg2 Qg7+ 25. Qg3 Rd8 26. Rb1 Rxd7 27. Rxb7 Qxg3+ 28. hxg3 h5 29. Rxa7 Rg7 30. Kh2 Rh7 31. Kh3 Rg7 32. Be2 Rh7 33. Rb7 1-0

[Event "Mercoledì sera Rapid"]
[Site "Chess.com"]
[Date "2020.04.22"]
[Round "1"]
[White "lionblu1"]
[Black "SanSecondoPR"]
[Result "0-1"]
[WhiteElo "1372"]
[BlackElo "1226"]
[TimeControl "720+3"]
[EndTime "11:45:48 PDT"]
[Termination "SanSecondoPR ha vinto per scaccomatto"]

1. d4 d5 2. c4 e5 3. cxd5 Qxd5 4.
Nf3 e4 5. Nc3 Bb4 6. Nd2 Bxc3 7.
bxc3 Nf6 8. e3 O-O 9. c4 Qg5 10. g3 Bg4 11. Qb3 b6 12. Bg2 c6 13. Nxe4 Nxe4 14.
Bxe4 Nd7 15. Qc2 f5 16. Bxc6 Rad8 17. Bd5+ Kh8 18. Bg2 Nf6 19. O-O Qg6 20. Ba3 Rf7 21.
Rae1 Rc7 22. Qd3 Qf7 23. e4 fxe4 24. Bxe4 Nxe4 25. Qxe4 Bh3 26. d5 Bxf1 27. Kxf1 h6 28. Bb2 Rf8 29. Qd4 Qf3 30. Re3 Qxf2# 0-1

[Event "Mercoledì sera Rapid"]
[Site "Chess.com"]
[Date "2020.04.22"]
[Round "1"]
[White "fausto2p"]
[Black "sergiodone"]
[Result "0-1"]
[WhiteElo "964"]
[BlackElo "1424"]
[TimeControl "720+3"]
[EndTime "11:48:54 PDT"]
[Termination "sergiodone ha vinto per tempo"]

1. d4 Nf6 2. c4 c5 3. d5 b5 4. cxb5 a6 5. e3 axb5 6. Bxb5 Qb6 7. Nc3 Ba6 8. Bxa6 Qxa6 9. a3 d6 10.
Nge2 Nbd7 11. O-O g6 12. Qc2 Bg7 13. Bd2 Bf8 14. e4 Bg7 15. f4 O-O 16. Rfe1 Rfb8 17. Ng3 Qb7 18. Reb1 h5 19. f5 h4 20. Nge2 Ne5 21.
fxg6 fxg6 22. Nf4 c4 23. Ne6 Qa7+ 24. Kh1 Nd3 25. Be1 Qe3 26. Bxh4 Ng4 27. Rf1 Rxb2 28. Qd1 Ngf2+ 29. Bxf2 Nxf2+ 30. Rxf2 Qxf2 0-1

[Event "Mercoledì sera Rapid"]
[Site "Chess.com"]
[Date "2020.04.22"]
[Round "1"]
[White "Mrtre7"]
[Black "BAKR1980"]
[Result "1/2-1/2"]
[WhiteElo "1405"]
[BlackElo "1530"]
[TimeControl "720+3"]
[EndTime "11:58:41 PDT"]
[Termination "Partita patta per ripetizione di mosse"]

1. d4 d5 2. c4 c6 3. Nf3 Bg4 4. Nc3 Nf6 5. e3 e6 6. Bd3 dxc4 7. Bxc4 Bd6 8. O-O O-O 9. Re1 Bc7 10. e4 h6 11. h3 Bh5 12. e5 Nh7 13. Ne4 Bxf3 14. gxf3 Bb6 15. Be3 Qh4 16. Kh2 Bc7 17. Rg1 b5 18.
Rg4 Qh5 19. Bd3 f5 20. Ng3 Qf7 21. Rf4 g5 22. Nxf5 exf5 23. Rxf5 Qe6 24. Rxf8+ Nxf8 25. Qc2 Nbd7 26. a4 c5 27. axb5 Kg7 28. Ra6 Bb6 29. Bf5 Qe7 30. Qe4 cxd4 31. Bxd4 Bxd4 32. Qxd4 Qxe5+ 33. Qxe5+ Nxe5 34. Kg3 h5 35. b6 h4+ 36. Kg2 Nc4 37.
Rxa7+ Rxa7 38. bxa7 Nb6 39. Be4 Nfd7 40. f4 Nc5 41. Bc6 gxf4 42. Kf3 Ne6 43. a8=Q Nxa8 44. Bxa8 Kf6 45. b4 Ke5 46. b5 Kd6 47. b6 Kd7 48. b7 Kc7 49. Ke4 Kb8 50. Ke5 Ng5 51.
Kxf4 Nxh3+ 52. Kf3 Ng1+ 53. Kg2 Ne2 54. f3 Nf4+ 55.
Kf2 h3 56. Kg1 Ka7 57. Kh2 Kb8 58. Kg3 Ka7 59. Kh2 Kb8 60. Kg3 Ka7 61. Kh2 1/2-1/2

[Event "Mercoledì sera Rapid"]
[Site "Chess.com"]
[Date "2020.04.22"]
[Round "2"]
[White "BAKR1980"]
[Black "sirmale49"]
[Result "1-0"]
[WhiteElo "1552"]
[BlackElo "1402"]
[TimeControl "720+3"]
[EndTime "12:02:20 PDT"]
[Termination "BAKR1980 ha vinto per abbandono"]

1. e4 e5 2. Nf3 Nc6 3. Bc4 Nf6 4. Ng5 d5 5. exd5 Nxd5 6. Nxf7 Kxf7 7. Qf3+ Ke6 8. Nc3 Ne7 9. d4 Nf5 10. Bxd5+ Ke7 11.
Bg5+ 1-0

[Event "Mercoledì sera Rapid"]
[Site "Chess.com"]
[Date "2020.04.22"]
[Round "2"]
[White "sergiodone"]
[Black "Lavolpeneldeserto"]
[Result "1-0"]
[WhiteElo "1425"]
[BlackElo "783"]
[TimeControl "720+3"]
[EndTime "12:10:24 PDT"]
[Termination "sergiodone ha vinto per scaccomatto"]

1. e4 e5 2. d4 Nc6 3. Nf3 f6 4.
Bc4 exd4 5. O-O d6 6. h3 Nge7 7.
c3 d5 8. exd5 Nxd5 9. Re1+ Be7 10. cxd4 Qd6 11. Nc3 Ndb4 12. a3 Na6 13. b4 Nab8 14. Ne4 Qd8 15. Bb2 a6 16. Nh4 b5 17.
Qh5+ g6 18. Nxg6 Rg8 19. Nxe7+ Kxe7 20. Qf7# 1-0

[Event "Mercoledì sera Rapid"]
[Site "Chess.com"]
[Date "2020.04.22"]
[Round "2"]
[White "SanSecondoPR"]
[Black "pedrak"]
[Result "0-1"]
[WhiteElo "1222"]
[BlackElo "1753"]
[TimeControl "720+3"]
[EndTime "12:22:16 PDT"]
[Termination "pedrak ha vinto per abbandono"]

1. e4 d5 2. Nf3 dxe4 3. Ng5 Nf6 4. d3 Bf5 5. Nc3 exd3 6. cxd3 c6 7. Qa4 e6 8. Be3 Be7 9. O-O-O Nbd7 10. Nge4 Nd5 11.
Bd2 N7b6 12. Qb3 Qc7 13. h3 Bg6 14. g3 O-O-O 15. Kb1 Nd7 16. Ka1 Nc5 17. Nxc5 Bxc5 18. Qa4 Bxf2 19. Rc1 Nxc3 20. Bxc3 f6 21. d4 Be4 22.
Rh2 Bxg3 23. Ba5 Qb8 24. Bxd8 Bxh2 25. Be7 Re8 26. Bc5 b6 27. Ba6+ Kc7 28. Ba3 Rd8 29.
Qb4 Bd6 30. Qb3 Bxa3 31. Qxa3 Rd6 32. b4 b5 33. Qa5+ Qb6 34. Bxb5 Qxa5 35. bxa5 Rxd4 36.
a4 Kd6 37. Bf1 Rxa4+ 38. Kb2 Rxa5 39. Rd1+ Bd5 40. Kc3 Ra2 41. Bd3 a5 42. Bxh7 Ra3+ 43. Kb2 Rxh3 44. Bd3 Rh2+ 45. Kc3 e5 46. Bc4 Kc5 47. Ba6 Rh3+ 48. Bd3 e4 0-1

[Event "Mercoledì sera Rapid"]
[Site "Chess.com"]
[Date "2020.04.22"]
[Round "2"]
[White "lionblu1"]
[Black "Mrtre7"]
[Result "1-0"]
[WhiteElo "1426"]
[BlackElo "1349"]
[TimeControl "720+3"]
[EndTime "12:23:21 PDT"]
[Termination "lionblu1 ha vinto per abbandono"]

1. d4 d5 2. c4 c6 3. cxd5 cxd5 4. Nf3 Nf6 5. Nc3 Bf5 6. Bf4 a6 7. e3 e6 8. Ne5 Nc6 9. Nxc6 bxc6 10. Rc1 Bd6 11.
Bg3 Bxg3 12. hxg3 Qd6 13. Be2 O-O 14. g4 Bg6 15. g5 Nd7 16. Bd3 f5 17. gxf6 Rxf6 18.
Qg4 Raf8 19. Bxg6 Rxg6 20. Qe2 Rxg2 21. Qh5 h6 22. Rc2 e5 23. Qh3 Rg6 24. Ne2 Rgf6 25. Ng3 exd4 26. exd4 Nb6 27. Nh5 Rf3 28. Qg4 Qe7+ 29.
Re2 Qf7 30. Rh2 Nc4 31. Rg2 g5 32. Ng3 Nd6 33. Rh2 Ne4 34. Nxe4 dxe4 35. Rxh6 Qg7 36. Qe6+ R8f7 37. Rg6 Qxg6 38. Qxg6+ Rg7 39. Qxe4 Rh3 40. Qe6+ Kh7 41. Qxh3+ 1-0

[Event "Mercoledì sera Rapid"]
[Site "Chess.com"]
[Date "2020.04.22"]
[Round "3"]
[White "Lavolpeneldeserto"]
[Black "SanSecondoPR"]
[Result "0-1"]
[WhiteElo "742"]
[BlackElo "1229"]
[TimeControl "720+3"]
[EndTime "12:33:33 PDT"]
[Termination "SanSecondoPR ha vinto per abbandono"]

1. d4 d5 2. Bf4 Nc6 3. Nf3 g6 4. Nc3 Nf6 5. e3 Bg7 6. Bd3 O-O 7. O-O Bg4 8. Qd2 Bxf3 9. gxf3 Nh5 10. e4 e5 11. Bh6 Qh4 12. Bxg7 Kxg7 13. Rfe1 Nxd4 14. Nxd5 Nxf3+ 15. Kf1 Nxd2+ 16. Ke2 Nxe4 17. Kd1 Nxf2+ 18. Kd2 Nxd3 19. cxd3 Qxh2+ 20. Kd1 Qxb2 21. Rc1 Qxa2 22.
Nxc7 Qa5 23. Rc2 Rad8 0-1

[Event "Mercoledì sera Rapid"]
[Site "Chess.com"]
[Date "2020.04.22"]
[Round "3"]
[White "pedrak"]
[Black "sergiodone"]
[Result "0-1"]
[WhiteElo "1675"]
[BlackElo "1439"]
[TimeControl "720+3"]
[EndTime "12:40:13 PDT"]
[Termination "sergiodone ha vinto per abbandono"]

1. d4 Nf6 2. Nf3 c5 3. e3 b6 4. c3 d6 5. Nbd2 Bb7 6. Bd3 Nbd7 7. Qe2 g6 8. O-O Bg7 9. Re1 O-O 10. Nf1 Rb8 11. e4 Qc7 12. Bf4 e5 13. dxe5 dxe5 14. Bg3 Rfd8 15. h3 Bc6 16. Rad1 b5 17. b3 Qb7 18. c4 a6 19. Bc2 b4 20.
N3h2 Nh5 21. f3 Nxg3 22. Nxg3 Nf6 23. Ngf1 Qc7 24. Ne3 Rd4 25. Nd5 Bxd5 26. exd5 Rxd1 27. Rxd1 Qd6 28. Nf1 Re8 29. Be4 Nh5 30. Qf2 f5 31. Bc2 e4 32. fxe4 Bd4 33. Rxd4 cxd4 34. Qxd4 fxe4 35.
Bxe4 Qf4 36. d6 Qxe4 37. d7 Qxd4+ 0-1

[Event "Mercoledì sera Rapid"]
[Site "Chess.com"]
[Date "2020.04.22"]
[Round "3"]
[White "BAKR1980"]
[Black "lionblu1"]
[Result "1-0"]
[WhiteElo "1571"]
[BlackElo "1395"]
[TimeControl "720+3"]
[EndTime "12:43:46 PDT"]
[Termination "BAKR1980 ha vinto per abbandono"]

1. e4 c5 2. Nf3 d6 3. d4 cxd4 4. Nxd4 Nf6 5. Nc3 a6 6. Be3 e5 7. Nb3 Be7 8. Bd3 Nbd7 9. f4 b5 10. O-O O-O 11. fxe5 dxe5 12. Nd5 Nxd5 13. exd5 Nf6 14. c4 Bb7 15. Nc5 Qc7 16. Nxb7 Qxb7 17.
b3 Rac8 18. Qf3 Bc5 19. Bxc5 Rxc5 20. Qg3 Qc7 21. Rxf6 e4 22. d6 Qd7 23. Bxe4 bxc4 24. Qh4 h6 25. Qg3 Rg5 26. Qf2 gxf6 27. Qxf6 Qg4 28.
Qxh6 Rh5 29. Bh7+ Kh8 30. Qxf8+ Kxh7 31. Qxf7+ Kh6 32. Qf6+ Kh7 33. Re1 Rf5 34. Re7+ Kg8 35. Re8+ Kh7 1-0

[Event "Mercoledì sera Rapid"]
[Site "Chess.com"]
[Date "2020.04.22"]
[Round "3"]
[White "Mrtre7"]
[Black "fausto2p"]
[Result "0-1"]
[WhiteElo "1262"]
[BlackElo "1051"]
[TimeControl "720+3"]
[EndTime "12:46:59 PDT"]
[Termination "fausto2p ha vinto per scaccomatto"]

1. d4 d5 2. c4 c6 3. Nc3 Nf6 4.
Nf3 e6 5. e3 Bb4 6. Bd3 dxc4 7.
Bxc4 b5 8. Bd3 Qa5 9. Bd2 Qc7 10. O-O O-O 11. e4 Bxc3 12. bxc3 Nbd7 13. e5 Nd5 14. Qe2 f5 15. exf6 N7xf6 16. Ng5 Qd6 17. Ne4 Nxe4 18. Qxe4 Nf6 19. Qh4 e5 20. Rfe1 exd4 21. cxd4 c5 22.
Bxb5 cxd4 23. Rad1 Bb7 24. a3 Qd5 25. Bf1 Ne4 26.
Bb4 Rf7 27. Rc1 Nxf2 28. Qg3 Ne4 29. Qg4 d3 30. Red1 Qd4+ 31. Kh1 Nf2+ 32. Kg1 Nxg4+ 33. Kh1 Nf2+ 34. Kg1 Nxd1+ 35. Kh1 Rxf1# 0-1

[Event "Mercoledì sera Rapid"]
[Site "Chess.com"]
[Date "2020.04.22"]
[Round "4"]
[White "lionblu1"]
[Black "Lavolpeneldeserto"]
[Result "1-0"]
[WhiteElo "1399"]
[BlackElo "729"]
[TimeControl "720+3"]
[EndTime "12:57:45 PDT"]
[Termination "lionblu1 ha vinto per scaccomatto"]

1. d4 d5 2. c4 Nf6 3. cxd5 Nxd5 4. Nf3 Nc6 5. e4 Nf6 6. Nc3 e6 7. Bb5 Bd7 8. Bg5 Bb4 9. e5 h6 10. Bh4 g5 11. exf6 gxh4 12. O-O Qxf6 13. Ne4 Qf4 14. Qe2 h3 15. g3 Qf5 16. Nh4 Qxb5 17. Qxb5 O-O-O 18. a3 Ba5 19. Nc5 a6 20. Qxb7# 1-0

[Event "Mercoledì sera Rapid"]
[Site "Chess.com"]
[Date "2020.04.22"]
[Round "4"]
[White "sirmale49"]
[Black "SanSecondoPR"]
[Result "0-1"]
[WhiteElo "1387"]
[BlackElo "1275"]
[TimeControl "720+3"]
[EndTime "13:04:13 PDT"]
[Termination "SanSecondoPR ha vinto per abbandono"]

1. f4 d5 2. Nf3 Nc6 3. e3 Bg4 4.
g3 e5 5. h3 Bxf3 6. Qxf3 exf4 7.
Bb5 Ne7 8. O-O Qd6 9. d4 O-O-O 10. Nc3 g5 11. a4 f5 12. b3 Qg6 13. Ba3 h5 14.
Bxe7 Nxe7 15. g4 hxg4 16. hxg4 fxg4 17. Qxg4+ Kb8 18. exf4 Rh4 19. Qxg5 Rh3 20. Qxg6 Nxg6 21. Ne2 Nh4 22. Bd3 Bd6 23. Bf5 Rg8+ 24. Kf2 Nxf5 25. Rg1 Re8 26. Ng3 Nxd4 27. Rae1 Rh2+ 28. Kf1 Rxe1+ 29. Kxe1 Nf3+ 30. Kf1 Nxg1 31. Kxg1 Rxc2 0-1

[Event "Mercoledì sera Rapid"]
[Site "Chess.com"]
[Date "2020.04.22"]
[Round "4"]
[White "fausto2p"]
[Black "pedrak"]
[Result "0-1"]
[WhiteElo "1048"]
[BlackElo "1678"]
[TimeControl "720+3"]
[EndTime "13:06:30 PDT"]
[Termination "pedrak ha vinto per abbandono"]

1. d4 Nf6 2. c4 d6 3. Nc3 Nbd7 4. e4 e5 5. d5 Be7 6. Nf3 O-O 7. Be2 Nc5 8. Qc2 a5 9. O-O h6 10. h3 Nh7 11. Be3 b6 12. a3 Bg5 13.
Bxc5 bxc5 14. Nxg5 Nxg5 15. b4 axb4 16. axb4 Rxa1 17.
Rxa1 cxb4 18. Na2 f5 19. Nxb4 Nxe4 20. Nc6 Qg5 21. Ra7 Qh4 22. Bf3 Ng5 23. Ne7+ Kh7 24.
Qd3 e4 25. Qd4 Nxf3+ 26. gxf3 Qxe7 27. fxe4 fxe4 28. Qd2 Bxh3 29. Ra3 Rf3 30. Rxf3 exf3 31. Qd3+ Kg8 32. Qxf3 Qg5+ 33. Kh2 Bf5 34. Qe2 Qf4+ 35.
Kg1 Qe4 36. Qh5 Qg4+ 37. Qxg4 Bxg4 38. Kf1 Bd1 39. Ke1 Bb3 0-1

[Event "Mercoledì sera Rapid"]
[Site "Chess.com"]
[Date "2020.04.22"]
[Round "4"]
[White "sergiodone"]
[Black "BAKR1980"]
[Result "0-1"]
[WhiteElo "1434"]
[BlackElo "1589"]
[TimeControl "720+3"]
[EndTime "13:07:09 PDT"]
[Termination "BAKR1980 ha vinto per abbandono"]

1. e4 e5 2. d4 exd4 3. Qxd4 Nc6 4. Qe3 d6 5. Nc3 Nf6 6. h3 Be7 7. Bd2 O-O 8. O-O-O a6 9. f4 Re8 10. Nf3 b5 11. a3 b4 12. axb4 Nxb4 13. Qd4 c5 14.
Qf2 Qa5 15. Kb1 Nxe4 16. Qe2 Bf6 17. Qc4 Be6 18. Nd5 Bxd5 19. Bxb4 Qxb4 20. Qxb4 cxb4 21.
Rxd5 Nf2 22. Rg1 a5 23. Bd3 Nxd3 24. Rxd3 Re2 25. g4 a4 26. g5 Be7 27. Nd4 Rh2 28.
Nf5 Bf8 29. h4 Rc8 30. h5 Rcxc2 31. Nd4 Rxb2+ 32. Kc1 Ra2 33. Kb1 Rab2+ 34. Kc1 a3 35. Rb3 Rxb3 36. Nxb3 Rb2 37. Na1 Rh2 38. h6 gxh6 39.
f5 hxg5 40. f6 Kh8 41. Nb3 h5 42. Na1 g4 43. Nc2 a2 44. Kb2 d5 45. Kb3 Bd6 46.
Nxb4 Bxb4 47. Kxb4 Rb2+ 48. Kc5 Rb1 49. Rg2 a1=Q 50.
Rh2 Rc1+ 51. Kxd5 Kg8 52. Rxh5 Qa5+ 0-1